 Dungeon Crawl Stone Soup version 0.21-a0-140-g479285b (webtiles) character file.

1801 KnobCreek the Thaumaturge (level 8, -10/52 HPs)
             Began as a Mummy Ice Elementalist on July 20, 2017.
             Was a Follower of Sif Muna.
             Mangled by an ogre
             ... wielding a +0 giant club
              (13 damage)
             ... on level 6 of the Dungeon.
             The game lasted 00:38:16 (10290 turns).

KnobCreek the Thaumaturge (Mummy Ice Elementalist) Turns: 10290, Time: 00:38:16

Health: -10/52     AC: 10    Str: 11    XL:     8   Next: 83%
Magic:  22/23      EV: 12    Int: 17    God:    Sif Muna [*.....]
Gold:   333        SH:  0    Dex: 12    Spells: 16/30 levels left

rFire    x . .     SeeInvis .   v - +1 spear (vamp)
rCold    + . .     Gourm    .   (no shield)
rNeg     + + +     Faith    .   a - +0 robe
rPois    ∞         Spirit   .   m - +0 helmet
rElec    .         Reflect  .   q - +0 cloak
rCorr    .         Harm     .   (no gloves)
MR       +....                  (no boots)
Stlth    ++........             (no amulet)
HPRegen  0.17/turn              g - ring of positive energy
MPRegen  0.18/turn              (no ring)

@: icy armour, slow
A: no food or potions, fire vulnerability, cold resistance 1, negative energy
resistance 3, torment resistance, unbreathing
a: Divine Energy, Renounce Religion


You were on level 6 of the Dungeon.
You worshipped Sif Muna.
Sif Muna was aware of your devotion.
You were not hungry.

You visited 1 branch of the dungeon, and saw 6 of its levels.

You collected 333 gold pieces.

Inventory:

Hand Weapons
 c - a -3 whip
 d - a +0 short sword
 h - a +0 club
 j - a +0 spear
 l - a +0 halberd
 s - a +1 short sword of venom
 v - a +1 vampiric spear (weapon)
 w - a cursed -2 short sword
 y - a +2 whip of flaming
Missiles
 f - 158 stones
 k - 10 javelins (quivered)
 n - 11 poisoned needles
 r - 4 needles of sleeping
Armour
 a - a +0 robe (worn)
 m - a +0 helmet (worn)
 o - a +0 scale mail
 q - a +0 cloak (worn)
 x - a +4 ring mail of fire resistance
 z - a +2 robe of positive energy
Jewellery
 g - a ring of positive energy (left hand)
Scrolls
 e - a scroll of noise
 i - 4 scrolls of identify
 p - 2 scrolls of magic mapping
 t - 2 scrolls of amnesia
 u - 8 scrolls of teleportation
 A - 3 scrolls of remove curse
Books
 b - a book of Frost

   Spells                             Type                      Level
   a - Freeze                         Ice                          1
   b - Throw Frost                    Conjuration/Ice              2
   c - Ozocubu's Armour               Charms/Ice                   3
   d - Throw Icicle                   Conjuration/Ice              4
   e - Summon Ice Beast               Ice/Summoning                4


   Skills:
 + Level 2.1 Dodging
 - Level 1.5 Stealth
 - Level 11.5 Spellcasting
 - Level 0.8 Conjurations
 - Level 0.2 Charms
 + Level 5.4 Ice Magic


You had 16 spell levels left.
You knew the following spells:

 Your Spells              Type           Power        Failure   Level  Hunger
a - Freeze                Ice            ####         1%          1    N/A
b - Throw Frost           Conj/Ice       ###...       3%          2    N/A
c - Ozocubu's Armour      Chrm/Ice       ###.....     7%          3    N/A
d - Summon Ice Beast      Ice/Summ       ###.....     24%         4    N/A
e - Throw Icicle          Conj/Ice       ###.....     19%         4    N/A

Dungeon Overview and Level Annotations

Branches:
Dungeon (6/15)
 Temple: D:4-7

Altars:
Ashenzari
Dithmenos
Gozag
Kikubaaqudgha
Sif Muna
Trog
Xom
Zin


Innate Abilities, Weirdness & Mutations

You do not eat or drink.
Your flesh is vulnerable to fire.
You are immune to poison.
Your flesh is cold resistant. (rC+)
You are immune to negative energy. (rN+++)
You are immune to unholy pain and torment.
You can survive without breathing.


Message History

You barely miss the ogre.
The ogre is lightly wounded.
The ogre barely misses you.
You hit the ogre.
You feel better.
The ogre is lightly wounded.
The ogre hits you with a giant club!
You are too injured to fight recklessly!
Casting: Ozocubu's Armour
Confirm with . or Enter, or press ? or * to list all spells.
Aiming: Freeze
Press: ? - help, Shift-Dir - straight line, f - ogre
Aim: an ogre, wielding a giant club (lightly wounded)
You freeze the ogre.
The ogre is moderately wounded.
The ogre hits you with a giant club!!
* * * LOW HITPOINT WARNING * * *
Unknown command.
Okay, then.
The ogre hits you with a giant club!
You die...

....)..........##.##
........#..........#
........#..........#
........##....[....#
...................#
#######..#######...#
##.########...## ####
#..........O)..###.!#
#.#........@........#
#.#.............###.##
#.#.........#######..#####.
..#........................
.#################..........
#. #..........% #...........
#........... #...........


You could see an ogre.

Vanquished Creatures
  Grinder (D:4)
  Duvessa (D:4)
  2 slaves
  2 phantoms
  An ogre (D:4)
  Dowan (D:4)
  2 scorpions (D:4)
  4 crimson imps (D:3)
  A hound (D:4)
  Crazy Yiuf (D:2)
  Terence (D:2)
  4 orc wizards
  3 worker ants
  A hound skeleton (D:4)
  Robin (D:4)
  4 gnolls
  13 adders
  An ooze (D:5)
  5 worms
  5 leopard geckos
  17 orcs
  6 giant cockroaches
  19 goblins
  12 hobgoblins
  7 jackals
  9 kobolds
  A quokka (D:5)
  A ball python (D:1)
  9 bats
  2 frilled lizards
  2 jackal skeletons (D:4)
  12 rats
151 creatures vanquished.

Vanquished Creatures (collateral kills)
  Pikel (D:4)
  Eustachio (D:6)
  2 phantoms (D:4)
  A hornet zombie (D:5)
  2 worms (D:4)
  A dart slug (D:4)
  4 orcs
  A rat (D:4)
13 creatures vanquished.

Vanquished Creatures (others)
  An adder skeleton (D:4)
  A leopard gecko (D:4)
  A rat (D:4)
3 creatures vanquished.

Grand Total: 167 creatures vanquished

Notes
Turn   | Place    | Note
-------+----------+-------------------------------------------
     0 | D:1      | KnobCreek the Mummy Ice Elementalist began the quest for the Orb.
     0 | D:1      | Reached XP level 1. HP: 13/13 MP: 4/4
   293 | D:1      | Reached skill level 3 in Spellcasting
   293 | D:1      | Reached XP level 2. HP: 19/19 MP: 4/6
   305 | D:1      | Learned a level 2 spell: Throw Frost
  1446 | D:2      | Reached XP level 3. HP: 20/24 MP: 5/7
  1877 | D:2      | Reached skill level 4 in Spellcasting
  1930 | D:1      | Reached XP level 4. HP: 23/30 MP: 1/10
  2544 | D:2      | Learned a level 3 spell: Ozocubu's Armour
  2681 | D:2      | Noticed Terence
  2691 | D:2      | Killed Terence
  2693 | D:2      | Found a faded altar of an unknown god.
  2878 | D:2      | Found a runed door.
  2883 | D:2      | Noticed Crazy Yiuf
  2905 | D:2      | Killed Crazy Yiuf
  2905 | D:2      | Reached skill level 5 in Spellcasting
  2905 | D:2      | Reached XP level 5. HP: 13/35 MP: 0/12
  3224 | D:2      | Learned a level 4 spell: Summon Ice Beast
  3513 | D:3      | Noticed a phantom
  3692 | D:3      | Found a shattered altar of Ashenzari.
  3802 | D:3      | Noticed an orc warrior
  4430 | D:3      | Found a glowing silver altar of Zin.
  4517 | D:3      | Reached XP level 6. HP: 28/41 MP: 6/14
  4615 | D:3      | Found a shimmering altar of Xom.
  4675 | D:3      | Reached skill level 6 in Spellcasting
  5033 | D:2      | Learned a level 4 spell: Throw Icicle
  5387 | D:4      | Noticed a slave
  5389 | D:4      | Noticed a slave
  5390 | D:4      | Noticed Pikel
  5399 | D:4      | Noticed a slave
  5400 | D:4      | Noticed a slave
  5461 | D:2      | Killed a slave
  5622 | D:3      | Found an ancient bone altar of Kikubaaqudgha.
  5701 | D:3      | Reached skill level 7 in Spellcasting
  5701 | D:3      | Reached XP level 7. HP: 33/46 MP: 13/17
  5911 | D:4      | Reached skill level 5 in Ice Magic
  5963 | D:4      | Noticed Robin
  5970 | D:4      | Killed Robin
  6214 | D:4      | Found a deep blue altar of Sif Muna.
  6399 | D:4      | Became a worshipper of Sif Muna the Loreminder
  6536 | D:4      | Reached skill level 8 in Spellcasting
  6924 | D:4      | Noticed Grinder
  6947 | D:4      | Paralysed by Grinder for 7 turns
  6967 | D:4      | Killed Grinder
  6967 | D:4      | Reached skill level 9 in Spellcasting
  6967 | D:4      | Reached XP level 8. HP: 17/52 MP: 0/21
  7209 | D:4      | Noticed Duvessa
  7218 | D:4      | Noticed Dowan
  7224 | D:4      | Killed Duvessa
  7244 | D:4      | Killed Dowan
  7824 | D:4      | Reached skill level 10 in Spellcasting
  7831 | D:4      | Reached * piety under Sif Muna
  8089 | D:4      | Killed Pikel
  8126 | D:4      | Noticed a moth of wrath
  8163 | D:4      | Found a bloodstained altar of Trog.
  8179 | D:4      | Reached skill level 11 in Spellcasting
  8498 | D:5      | Entered Level 5 of the Dungeon
  8539 | D:5      | Found a shadowy altar of Dithmenos.
  8587 | D:5      | Noticed Eustachio
 10117 | D:6      | Killed Eustachio
 10225 | D:6      | Found an opulent altar of Gozag.
 10279 | D:6      | HP: 1/52 [ogre/giant club (24)]
 10290 | D:6      | Mangled by an ogre

Vault maps used:
D:1:      dpeg_arrival_rhombus, hangedman_decor_points
D:2:      chequers_ecumenical_altar_simple_redux, uniq_terence,
          uniq_crazy_yiuf_cottage
D:3:      evilmike_ruin_ashenzari, lemuel_zombie_altar_kikubaaqudgha,
          led_xom_imps, zin_treasury, cheibrodos_sewer_entry_bend
D:4:      overflow_temple_1_default, tgw_trog, uniq_duvessa, uniq_robin,
          uniq_pikel, uniq_grinder
D:5:      nicolae_dithmenos_shadow_blocks, first_bread, uniq_eustachio
D:6:      kennysheep_mini_moat, grunt_gozag_breadcrumbs

Skill      XL: |  1  2  3  4  5  6  7  8 |
---------------+-------------------------+-----
Spellcasting   | 3 4 5 7 9 11 | 11.5
Ice Magic      | 3 4 5 |  5.4
Dodging        | 2 |  2.1
Stealth        | |  1.5
Conjurations   | |  0.8
Charms         | |  0.2

Action                   |  1- 3 |  4- 6 |  7- 9 || total
-------------------------+-------+-------+-------++-------
Melee: Whip              |    21 |    32 |       ||    53
       Halberd           |       |    17 |       ||    17
       Short sword       |       |    66 |    89 ||   155
       Spear             |       |       |   240 ||   240
Throw: Stone             |     4 |       |    13 ||    17
       Javelin           |     1 |    13 |     7 ||    21
 Cast: Freeze            |    55 |   122 |    22 ||   199
       Throw Frost       |    14 |    21 |    12 ||    47
       Ozocubu's Armour  |       |     7 |    15 ||    22
       Summon Ice Beast  |       |     4 |    21 ||    25
       Throw Icicle      |       |       |     3 ||     3
  Use: Scroll            |     4 |     3 |     2 ||     9
 Stab: Sleeping          |     1 |     2 |     1 ||     4
       Distracted        |       |     1 |       ||     1
Armor: Robe              |    12 |    64 |   117 ||   193
Dodge: Dodged            |    47 |   137 |   220 ||   404
